 Dungeon Crawl Stone Soup version 0.32-a0-685-g93135e86f0 (webtiles) character file.

Game seed: 12680645957337755895

190 mopl the Ruffian (level 5, -3/34 HPs)
             Began as an Octopode Shapeshifter on Mar 12, 2024.
             Slain by a gnoll
             ... wielding a +0 spear
             ... led by a gnoll bouda
              (6 damage)
             ... on level 4 of the Dungeon.
             The game lasted 00:02:05 (1984 turns).

mopl the Ruffian (Octopode Shapeshifter)            Turns: 1984, Time: 00:02:06

Health: -3/34      AC:  1    Str: 16    XL:     5   Next: 69%
Magic:  5/5        EV: 14    Int: 12    God:
Gold:   157        SH:  0    Dex: 15    Spells: 4/4 levels left

rFire   . . .        b - +7 sling "Caeqipot" {drain, Str+2 Dex+2}
rCold   . . .        (no shield)
rNeg    + . .        (helmet currently unavailable)
rPois   .            (no amulet)
rElec   .            i - ring of positive energy
rCorr   .            (no ring)
SInv    .            (no ring)
Will    .....        (no ring)
Stlth   ++           (no ring)
HPRegen 0.25/turn    (no ring)
MPRegen 0.09/turn    (no ring)
                     (no ring)

%: no passive effects
@: beast-form
A: beast (slay +2), almost no armour, amphibious, 8 rings, camouflage 1,
gelatinous body 1, (nimble swimmer 1), tentacles
a: Begin Untransformation


You were on level 4 of the Dungeon.
You were a hulking beast.
You visited 1 branch of the dungeon, and saw 4 of its levels.

You collected 157 gold pieces.

Inventory:

Hand Weapons
 b - the +7 sling "Caeqipot" (weapon) {drain, Str+2 Dex+2}
   (You found it on level 4 of the Dungeon)

   Str+2:     It affects your strength (+2).
   Dex+2:     It affects your dexterity (+2).
Armour
 u - a +0 kite shield
Jewellery
 i - a ring of positive energy (left tentacle)
 o - an amulet of magic regeneration
Talismans
 c - a flux talisman
 w - a beast talisman (active)
Scrolls
 d - 2 scrolls of identify {unknown}
 e - 2 scrolls of vulnerability {unknown}
 h - a scroll of amnesia {unknown}
 j - 2 scrolls of teleportation {unknown}
 l - a scroll of fog {unknown}
 m - a scroll of immolation {unknown}
 p - a scroll of noise {unknown}
 r - 2 scrolls of poison {unknown}
 x - a scroll of blinking {unknown}
Potions
 a - 2 potions of lignification {!q}
 f - a potion of curing {unknown}
 g - a potion of resistance {unknown}
 k - a potion of enlightenment {unknown}
 n - 2 potions of attraction {unknown}
 q - a potion of might {unknown}
 s - a potion of heal wounds {unknown}
 t - a potion of magic {unknown}
 v - a potion of cancellation {unknown}


   Skills:
 + Level 2.2 Fighting
 + Level 2.7 Dodging
 * Level 4.3 Unarmed Combat
 * Level 4.1 Shapeshifting


You had 4 spell levels left.
You didn't know any spells.
Your spell library contained the following spells:

 Spells                   Type           Power      Damage    Failure   Level
 Passwall                 Erth           0%         N/A       69%         3
 Volatile Blastmotes      Fire/Tloc      0%         2d10      69%         3
 Bombard                  Conj/Erth      0%         9d1       100%        6


Dungeon Overview and Level Annotations

Branches:
Dungeon (4/15)
 Temple: D:4-7

Altars:
Hepliaklqana


Innate Abilities, Weirdness & Mutations

You are a hulking beast.
Your limbs bulge with bestial killing power. (Slay +2)
You cannot wear most types of armour.
You are amphibious.
You can wear up to eight rings at the same time.
Your skin changes colour to match your surroundings (Stealth+).
Your rubbery body absorbs attacks. (AC +1, EV +1)
((You are camouflaged when in or above water. (Stealth+)))
You have tentacles for arms and can constrict up to eight enemies at once.


Message History

The gnoll is almost dead.
You see here a ball python corpse.
You shoot a sling bullet.
The sling bullet hits the gnoll bouda but does no damage.
The gnoll bouda barks out a call to the hunt!
The gnolls pick up the pace!
You shoot a sling bullet. The sling bullet hits the gnoll bouda.
The gnoll bouda is moderately wounded.
The gnoll bouda gazes fiercely through you!
You feel your attacks grow feeble.
You shoot a sling bullet.
The sling bullet barely misses the gnoll bouda.
The sling bullet hits the gnoll.
You drain the gnoll.
The gnoll is moderately wounded.
You shoot a sling bullet. The sling bullet hits the gnoll bouda.
You drain the gnoll bouda.
The gnoll bouda is heavily wounded.
The gnoll bouda barely misses you.
The gnoll bouda calls upon its god to heal the gnoll.
The gnoll's wounds heal themselves!
You shoot a sling bullet. The sling bullet hits the gnoll bouda!
You kill the gnoll bouda!
Your attacks no longer feel as feeble.
The gnoll attacks as it pursues you!
The gnoll hits you from afar with a +0 spear.
You shoot a sling bullet.
The sling bullet barely misses the gnoll.
The gnoll hits you from afar with a +0 spear!
The gnoll completely misses you. The gnoll misses you.
The gnoll hits you from afar with a +3 spear.
The gnoll attacks as it pursues you!
The gnoll hits you from afar with a +0 spear.
The gnoll is no longer moving quickly.
The gnoll attacks as it pursues you! The gnoll closely misses you.
The gnoll attacks as it pursues you!
The gnoll hits you from afar with a +0 spear!
* * * LOW HITPOINT WARNING * * *
The gnoll attacks as it pursues you!
The gnoll hits you from afar with a +0 spear.
You die...

......#.##.# #.#.#
......#.##.###...#
............†....#
#.######.##.###.#.#.##
#.#....g...g.)......).
#.#.###.##.######.#...
#.#.##g.#.........#...
#.#.##.##.######### ..
#.#..h.##........ ..
#.#..############ .
#..>..........# .
#########.###.# #.#
#.# #.# #####†##
#......#


You could see 2 gnolls.

Vanquished Creatures
  A bombardier beetle (D:4)
  A gnoll bouda (D:4)
  A gnoll (D:4)
  5 adders
  2 dart slugs
  2 ribbon worms
  An orc (D:3)
  7 bats
  5 endoplasms
  4 giant cockroaches
  4 goblins
  4 hobgoblins
  2 kobolds (D:1)
  4 quokkas
  12 ball pythons
  3 frilled lizards
  8 rats
66 creatures vanquished.

Notes
Turn   | Place    | Note
-------+----------+-------------------------------------------
     0 | D:1      | mopl the Octopode Shapeshifter began the quest for the Orb.
     0 | D:1      | Reached XP level 1. HP: 13/13 MP: 1/1
   292 | D:1      | Reached XP level 2. HP: 14/18 MP: 2/2
   385 | D:1      | Found a faded altar of an unknown god.
   393 | D:1      | Reached XP level 3. HP: 21/23 MP: 3/3
   942 | D:2      | Reached XP level 4. HP: 8/29 MP: 4/4
  1540 | D:3      | Found a faded altar of an unknown god.
  1541 | D:3      | Found a hazy altar of Hepliaklqana.
  1854 | D:3      | You fall into a shaft and drop 1 floor!
  1859 | D:4      | Identified the +7 sling "Caeqipot" {drain, Str+2 Dex+2}
  1871 | D:4      | Reached skill level 4 in Unarmed Combat
  1908 | D:4      | Reached skill level 2 in Fighting
  1908 | D:4      | Reached skill level 4 in Shapeshifting
  1908 | D:4      | Reached XP level 5. HP: 34/34 MP: 5/5
  1984 | D:4      | Slain by a gnoll

Illustrated notes

Levels and vault maps discovered:
D:1:      minmay_arrival_stair_chambers, layout_loops_corners,
          nicolae_ecumenical_snake_handling, st_stairs_5, reono_crystal_passage
D:2:      layout_rooms, serial_bayou_pond_d
D:3:      layout_loops_ring, beargit_hepliaklqana_dungeon_heroes,
          chequers_serial_rivers_micro_b
D:4:      layout_basic, trog_ov_bears_minmay

Skill      XL: |  1  2  3  4 |
---------------+-------------+-----
Unarmed Combat | 4 |  4.3
Fighting       | 2 |  2.2
Shapeshifting  | 4 |  4.1
Dodging        | |  2.7

Action                     |  1- 3 |  4- 6 || total
---------------------------+-------+-------++-------
  Melee: Unarmed           |    53 |    32 ||    85
         Constrict         |    15 |     9 ||    24
         Tentacles         |     9 |     5 ||    14
         Punch             |     1 |     2 ||     3
   Fire: Sling             |       |    21 ||    21
   Stab: Sleeping          |     4 |     5 ||     9
 Armour: Skin              |    31 |    17 ||    48
  Dodge: Dodged            |    34 |    17 ||    51

Table legend: (Time is in decaauts)
 A = Elapsed time spent in this place.
 B = Non-inter-level travel time spent in this place.
 C = Inter-level travel time spent in this place.
 D = Time resting spent in this place.
 E = Time spent auto-exploring this place.
 F = Levels seen in this place.
 G = Mean time per level.
                   A        B        C        D        E       F      G
               +--------+--------+--------+--------+--------+-----+--------+
         Total |   1985 |   1894 |     91 |    160 |   1387 |   4 |  496.2 |
       Dungeon |   1985 |   1894 |     91 |    160 |   1387 |   4 |  496.2 |
               +--------+--------+--------+--------+--------+-----+--------+

Top non-repeatable levels by time:
     D:1: 895 daAuts
     D:2: 480 daAuts
     D:3: 471 daAuts
     D:4: 137 daAuts
